 Dungeon Crawl Stone Soup version 0.29-a0-1027-gcd8c55af63 (webtiles) character file.

Game seed: 15767789138538533940

256 27heaven the Insei (level 6, -4/32 HPs)
             Began as a Vine Stalker Transmuter on Aug 12, 2022.
             Was a Follower of Fedhas.
             Shot with an arrow by a centaur (9 damage)
             ... on level 5 of the Dungeon.
             The game lasted 00:05:01 (3133 turns).

27heaven the Insei (Vine Stalker Transmuter)        Turns: 3133, Time: 00:05:01

Health: -4/32      AC:  2    Str: 13    XL:     6   Next: 16%
Magic:  0/12       EV: 12    Int: 15    God:    Fedhas [*.....]
Gold:   265        SH:  0    Dex: 14    Spells: 9/12 levels left

rFire   . . .      SeeInvis .     - Unarmed
rCold   . . .      Faith    .   (no shield)
rNeg    . . .      Spirit   +   a - +0 robe
rPois   .          Reflect  .   (helmet currently unavailable)
rElec   .          Harm     .   (no cloak)
rCorr   .          Rampage  .   (no gloves)
Will    .....                   (boots currently unavailable)
Stlth   +.........              q - amulet of the acrobat
HPRegen 0.90/turn               (no ring)
MPRegen 0.13/turn               (no ring)

@: appendages (expiring), wereblooded
A: horns 2, talons 2, fangs 2, regeneration 1, magic shield, antimagic bite, no
potion heal 2
a: End Transformation, Renounce Religion


You were on level 5 of the Dungeon.
You worshipped Fedhas.
Fedhas was aware of your devotion.
You had temporarily grown beastly horns and talons.
You visited 1 branch of the dungeon, and saw 5 of its levels.

You collected 265 gold pieces.

Inventory:

Armour
 a - a +0 robe (worn)
 r - the +1 kite shield of Elyvilon's Hatred {Stlth+}
   (You found it on level 3 of the Dungeon)

   Stlth:     It makes you more stealthy.
Jewellery
 q - an amulet of the acrobat (around neck)
Wands
 o - a wand of flame (28)
 x - a wand of iceblast (3)
Scrolls
 f - a scroll of poison {unknown}
 h - a scroll of blinking {unknown}
 j - a scroll of fear {unknown}
 k - 2 scrolls of noise {unknown}
 l - 2 scrolls of identify {unknown}
 p - a scroll of immolation {unknown}
 s - a scroll of teleportation {unknown}
 t - a scroll of magic mapping {unknown}
 v - a scroll of enchant weapon {unknown}
 w - a scroll of fog {unknown}
Potions
 b - a potion of lignification
 c - 2 potions of curing
 d - a potion of brilliance {unknown}
 e - 2 potions of degeneration {unknown}
 g - a potion of might {unknown}
 i - 4 potions of heal wounds {unknown}
 m - a potion of invisibility {unknown}
 n - a potion of ambrosia {unknown}
 u - a potion of cancellation {unknown}


   Skills:
 + Level 2.5 Fighting
 - Level 1.5 Dodging
 + Level 4.0 Unarmed Combat
 + Level 3.5 Spellcasting
 + Level 3.4 Transmutations
 + Level 1.4 Invocations


You had 9 spell levels left.
You knew the following spells:

 Your Spells              Type           Power      Damage    Failure   Level
a - Beastly Appendage     Tmut           24%        N/A       4%          1
b - Wereblood             Tmut           12%        N/A       7%          2

Your spell library contained the following spells:

 Spells                   Type           Power      Damage    Failure   Level
 Spider Form              Tmut/Pois      7%         N/A       28%         3
 Ice Form                 Ice/Tmut       7%         N/A       67%         4
 Fulminant Prism          Conj/Hex       1%         3d6       88%         4
 Iskenderun's Mystic Bla  Conj/Tloc      2%         2d3       88%         4
 Leda's Liquefaction      Hex/Erth       1%         N/A       88%         4
 Passage of Golubria      Tloc           2%         N/A       88%         4
 Freezing Cloud           Conj/Ice/Air   1%         6-21      99%         5
 Lee's Rapid Deconstruct  Erth           1%         3d5*      99%         5
 Silence                  Hex/Air        1%         N/A       99%         5
 Conjure Ball Lightning   Conj/Air       1%         3x3d6     100%        6
 Simulacrum               Ice/Necr       1%         N/A       100%        6
 Statue Form              Tmut/Erth      4%         N/A       100%        6
 Discord                  Hex            1%         N/A       100%        8
 Disjunction              Tloc           1%         N/A       100%        8
 Lehudib's Crystal Spear  Conj/Erth      1%         10d2      100%        8
 Polar Vortex             Ice            1%         N/A       100%        9


Dungeon Overview and Level Annotations

Branches:
Dungeon (5/15)
 Temple: D:4-7

Altars:
Fedhas
Hepliaklqana

Annotations:
D:5 Grinder


Innate Abilities, Weirdness & Mutations

You have temporarily grown beastly horns and talons.
You have extremely sharp teeth.
Your natural rate of healing is unusually fast.
When hurt, damage is shared between your health and your magic reserves.
Your bite disrupts and absorbs the magic of your enemies.
Potions cannot restore your health.


Message History

The howler monkey is moderately wounded.
A centaur comes into view.
The howler monkey barely misses you.
Grinder comes into view.
You closely miss the howler monkey.
The howler monkey is moderately wounded.
Grinder shouts!
The centaur shouts!
The howler monkey hoots and howls with incredible vigour!
You hear a shout! x5
You hit the howler monkey.
You claw the howler monkey, but do no damage.
You punch the howler monkey. Your bite misses the howler monkey.
The howler monkey is almost dead.
Your transformation is almost over.
The howler monkey closely misses you.
You barely miss the howler monkey. Your punch misses the howler monkey.
The howler monkey is almost dead.
The centaur wields a +2 shortbow of freezing.
It is covered in frost.
The centaur shoots an arrow.
The arrow hits you. The arrow freezes you. The howler monkey hits you.
The centaur shoots an arrow.
The arrow hits you! The arrow freezes you.
You are too injured to fight recklessly!
The centaur shoots an arrow.
The arrow misses you.
The howler monkey completely misses you.
The howler monkey barely misses you.
You hit the howler monkey.
You feel a bit better.
You kill the howler monkey!
Fedhas appreciates your contribution to the ecosystem.
You howl as the wereblood boils in your veins!
The centaur shoots an arrow.
The arrow hits you!
* * * LOW HITPOINT WARNING * * *
The arrow freezes you.
* * * LOW HITPOINT WARNING * * *
You have reached level 6!
Unknown command.
Unknown command.
It was a potion of curing.
That felt strangely inert.
The centaur shoots an arrow.
The arrow hits you!
You die...
Fedhas appreciates your contribution to the ecosystem.

......#..## .# .
#.......... ..#.<
##.......<###....
####..5#.#.......####
#......#......<......
#......c.............
#..#..?............
##..†....#..........
#..@....##..##....##
#........##...#>##.#
............##.#.#.#
..#
.......##.####.#...#
.. ....... ..# #.....
.........## ##...##
.....$.## ....###


You could see Grinder and a centaur.

Vanquished Creatures
  A phantom (D:4)
  A howler monkey (D:5)
  A hound (D:4)
  A jelly (D:5)
  3 adders (D:2)
  A worm (D:4)
  2 dart slugs
  2 orcs
  7 endoplasms
  3 giant cockroaches
  2 goblins (D:1)
  6 hobgoblins
  4 jackals (D:1)
  3 quokkas
  4 ball pythons
  4 frilled lizards
  6 kobolds
  2 rats
53 creatures vanquished.

Vanquished Creatures (others)
  3 plants (D:4)
3 creatures vanquished.

Grand Total: 56 creatures vanquished

Notes
Turn   | Place    | Note
-------+----------+-------------------------------------------
     0 | D:1      | 27heaven the Vine Stalker Transmuter began the quest for
                  | the Orb.
     0 | D:1      | Reached XP level 1. HP: 9/9 MP: 4/4
    92 | D:1      | Reached skill level 1 in Fighting
   120 | D:1      | Reached XP level 2. HP: 10/14 MP: 4/6
   157 | D:1      | Learned a level 2 spell: Wereblood
   538 | D:1      | Reached XP level 3. HP: 14/18 MP: 1/7
  1352 | D:2      | Gained mutation: Your natural rate of healing is unusually
                  | fast. [Vine Stalker growth]
  1352 | D:2      | Reached XP level 4. HP: 21/23 MP: 9/9
  1852 | D:3      | Found a faded altar of an unknown god.
  1867 | D:3      | Prayed at the altar of an unknown god.
  1867 | D:3      | Became a worshipper of Fedhas Madash
  1867 | D:3      | Reached * piety under Fedhas
  1947 | D:3      | Identified the +1 kite shield of Elyvilon's Hatred {Stlth+}
  2479 | D:4      | Noticed a phantom
  2495 | D:4      | Killed a phantom
  2496 | D:4      | Reached skill level 1 in Invocations
  2496 | D:4      | Reached XP level 5. HP: 21/26 MP: 3/10
  2586 | D:4      | Found a hazy altar of Hepliaklqana.
  3029 | D:5      | Entered Level 5 of the Dungeon
  3036 | D:5      | Reached skill level 4 in Unarmed Combat
  3126 | D:5      | Noticed a centaur
  3126 | D:5      | Noticed Grinder
  3133 | D:5      | Reached XP level 6. HP: 4/32 MP: 0/12
  3133 | D:5      | Shot with an arrow by a centaur

Illustrated notes

Levels and vault maps discovered:
D:1:      sevenhm_arrival_forest_fort_large_4, layout_rooms
D:2:      layout_rooms
D:3:      layout_rooms, dreamdust_ecumenical_altar_angels_and_demons
D:4:      layout_loops_ring, mainiacjoe_overflow_boulevard
D:5:      layout_rooms, minmay_temple_entry_crystal_x, uniq_grinder

Skill      XL: |  1  2  3  4  5 |
---------------+----------------+-----
Fighting       | 1 2 |  2.5
Spellcasting   | 3 |  3.5
Transmutations | 3 |  3.4
Invocations    | 1 |  1.4
Unarmed Combat | 4 |  4.0
Dodging        | |  1.5

Action                   |  1- 3 |  4- 6 || total
-------------------------+-------+-------++-------
Melee: Unarmed           |    88 |    64 ||   152
       Kick              |    10 |    14 ||    24
       Headbutt          |    10 |     8 ||    18
       Bite              |    12 |    15 ||    27
       Punch             |       |     5 ||     5
 Cast: Beastly Appendage |    19 |    13 ||    32
       Wereblood         |    14 |    13 ||    27
  Use: Potion            |       |     1 ||     1
 Stab: Sleeping          |     1 |     1 ||     2
Armor: Robe              |    11 |     5 ||    16
Dodge: Dodged            |    50 |    38 ||    88

Table legend: (Time is in decaauts)
 A = Elapsed time spent in this place.
 B = Non-inter-level travel time spent in this place.
 C = Inter-level travel time spent in this place.
 D = Time resting spent in this place.
 E = Time spent auto-exploring this place.
 F = Levels seen in this place.
 G = Mean time per level.
                   A        B        C        D        E       F      G
               +--------+--------+--------+--------+--------+-----+--------+
         Total |   3123 |   3059 |     64 |     72 |   2473 |   5 |  624.6 |
       Dungeon |   3123 |   3059 |     64 |     72 |   2473 |   5 |  624.6 |
               +--------+--------+--------+--------+--------+-----+--------+

Top non-repeatable levels by time:
     D:1: 1031 daAuts
     D:4: 884 daAuts
     D:2: 641 daAuts
     D:3: 539 daAuts
     D:5: 26 daAuts
